AoeStats
← Joaquito

Arena

507658054Analyzed
3v3 RM · 12d ago on Sep 19, 2026· 19m 52s· 6 players
Game mode
Random Map
Map size
Normal (6 player)
Population
200
Speed
Normal
Resources
Standard
Victory
Conquest
Starting age
Dark Age
Ending age
Imperial Age
RankedLock teamsTeams togetherTeam positionsShared explorationLock speedFull tech treeHidden civsTurbo modeCheats
Victory
Defeat
🇦🇷 Goths · Argentina
1208
+13
🇨🇱 Ethiopians · Chile
1114
+16
🇨🇱 Cumans · Chile
1088
+17
🇨🇳 Saracens · China
1149
-16
🇻🇳 Britons · Vietnam
1143
-16
🇸🇪 Bulgarians · Sweden
1083
-14
MemeManVai
10:15 Feudal Age
15:21 Castle Age
14:02 Double-Bit Axe
14:42 Stone Mining
s
10:48 Feudal Age
11:26 Double-Bit Axe
12:54 Forging
16:03 Arson
维什素A
10:43 Feudal Age
15:05 Castle Age
13:15 Double-Bit Axe
14:02 Horse Collar
16:07 Wheelbarrow
16:31 Bow Saw
cacadecaca38
10:37 Feudal Age
11:17 Double-Bit Axe
11:35 Gold Mining
Joaquito
9:15 Feudal Age
12:32 Double-Bit Axe
13:16 Fletching
13:28 Padded Archer Armor
Federati
10:09 Feudal Age
10:58 Double-Bit Axe
12:36 Man-at-Arms
14:33 Scale Mail Armor
15:05 Horse Collar
17:26 Forging
Connection lost

Rejoining the realm…

Still unreachable

The connection could not be restored.

Session expired

The server has moved on; the page needs a fresh start.